 Dungeon Crawl Stone Soup version 0.19.1-1-g22dce08 (webtiles) character file.

198 ImaNewbie the Conjurer (level 5, -3/28 HPs)
             Began as a Deep Elf Conjurer on Jan 5, 2017.
             Was an Initiate of Sif Muna.
             Slain by retryentry's ghost (21 damage)
             ... on level 3 of the Dungeon.
             The game lasted 00:07:20 (3142 turns).

ImaNewbie the Conjurer (Deep Elf Conjurer)          Turns: 3142, Time: 00:07:21

Health: -3/28      AC:  2    Str:  5    XL:     5   Next: 47%
Magic:  7/11       EV: 13    Int: 21    God:    Sif Muna [......]
Gold:   123        SH:  0    Dex: 15    Spells: 3 memorised, 4 levels left

rFire  . . .     SeeInvis .     m - +1 short sword (elec)
rCold  . . .     Gourm    .     a - +0 robe
rNeg   . . .     Faith    .     (no shield)
rPois  .         Spirit   .     (no helmet)
rElec  .         Reflect  .     (no cloak)
rCorr  .         Harm     .     (no gloves)
MR     .....                    (no boots)
Stlth  +++.......               (no amulet)
                                o - ring of stealth
                                n - ring of flight

@: no status effects
A: no striking features
a: Renounce Religion, Evoke Flight


You were on level 3 of the Dungeon.
You worshipped Sif Muna.
Sif Muna was noncommittal.
You were hungry.

You visited 1 branch of the dungeon, and saw 3 of its levels.

You collected 123 gold pieces.

Inventory:

Hand Weapons
 j - a +1 dagger of venom
 m - a +1 short sword of electrocution (weapon)
 v - a +3 quarterstaff of chaos
Armour
 a - a +0 robe (worn)
 u - a +0 cloak
Jewellery
 n - a ring of flight (left hand)
 o - a ring of stealth (right hand)
Scrolls
 d - a scroll of random uselessness {unknown}
 e - a scroll of fear {unknown}
 f - 2 scrolls of identify {unknown}
 g - a scroll of teleportation {unknown}
 h - a scroll of magic mapping {unknown}
 i - a scroll of recharging {unknown}
 w - a scroll of blinking {unknown}
Potions
 k - a potion of cancellation {unknown}
 l - a potion of berserk rage {unknown}
 q - 3 potions of agility {unknown}
 r - a potion of degeneration {unknown}
 s - a potion of flight {unknown}
 t - a potion of heal wounds {unknown}
 x - a potion of mutation {unknown}
Books
 b - a book of Conjurations

   Spells                             Type                      Level
   a - Magic Dart                     Conjuration                  1
   b - Searing Ray                    Conjuration                  2
   c - Dazzling Spray                 Conjuration/Hexes            3
   d - Fulminant Prism                Conjuration/Hexes            4
   e - Iskenderun's Mystic Blast      Conjuration                  4
   f - Iskenderun's Battlesphere      Conjuration/Charms           5
Comestibles
 c - 4 bread rations
 p - a beef jerky


   Skills:
 - Level 2.4 Dodging
 - Level 2.4 Stealth
 - Level 3.0 Spellcasting
 + Level 7.5 Conjurations


You had 4 spell levels left.
You knew the following spells:

 Your Spells              Type           Power        Failure   Level  Hunger
a - Magic Dart            Conj           ####         1%          1    None
b - Searing Ray           Conj           ####..       1%          2    ##.....
c - Dazzling Spray        Conj/Hex       ###...       10%         3    ###....


Dungeon Overview and Level Annotations

Branches:
Dungeon (3/15)

Altars:
Ashenzari
Gozag
Hepliaklqana
Nemelex Xobeh
Sif Muna
Vehumet
Yredelemnul
Zin

Annotations:
D:3 retryentry's ghost, amateur DsFi


Message History

There is a stone staircase leading down here.
You climb downwards.
Level annotation: retryentry's ghost, amateur DsFi
There is a stone staircase leading up here.
Casting: Magic Dart
Confirm with . or Enter, or press ? or * to list all spells.
Aiming: Searing Ray
Press: ? - help, Shift-Dir - straight line, f - retryentry's ghost
Aim: retryentry's ghost (hasn't noticed you)
The searing ray hits retryentry's ghost.
Retryentry's ghost turns its malevolent gaze towards you.
Retryentry's ghost hits you!
The searing ray hits retryentry's ghost.
Retryentry's ghost is moderately damaged.
Retryentry's ghost closely misses you.
The searing ray hits retryentry's ghost.
Retryentry's ghost is heavily damaged.
Retryentry's ghost hits you!!
Ouch! That really hurt!
You die...

.....#.#>........#
###.###..######.@#
# #...
........W...# #
#.### .#########.#
# #.# .# .# #


You could see retryentry's ghost.

Vanquished Creatures
  Crazy Yiuf (D:2)
  Jessica (D:2)
  4 gnolls (D:2)
  5 adders (D:2)
  A worm (D:2)
  2 leopard geckos
  2 ball pythons
  6 giant cockroaches
  7 goblins
  3 hobgoblins
  4 jackals (D:1)
  6 bats
  3 frilled lizards
  9 kobolds
  5 rats (D:1)
59 creatures vanquished.

Notes
Turn   | Place    | Note
-------+----------+-------------------------------------------
     0 | D:1      | ImaNewbie the Deep Elf Conjurer began the quest for the Orb.
     0 | D:1      | Reached XP level 1. HP: 10/10 MP: 6/6
   275 | D:1      | Reached XP level 2. HP: 12/15 MP: 2/8
   279 | D:1      | Reached skill level 5 in Conjurations
   823 | D:1      | Reached XP level 3. HP: 19/19 MP: 4/9
  1303 | D:2      | Found a hazy altar of Hepliaklqana.
  1401 | D:2      | Reached skill level 6 in Conjurations
  1427 | D:2      | Noticed Jessica
  1439 | D:2      | Killed Jessica
  1439 | D:2      | Reached XP level 4. HP: 21/24 MP: 7/10
  1444 | D:2      | Learned a level 2 spell: Searing Ray
  1469 | D:2      | Learned a level 3 spell: Dazzling Spray
  1780 | D:2      | Reached skill level 7 in Conjurations
  1780 | D:2      | Reached XP level 5. HP: 21/28 MP: 6/11
  1969 | D:2      | Found a deep blue altar of Sif Muna.
  1975 | D:2      | Became a worshipper of Sif Muna the Loreminder
  2120 | D:2      | Found a glowing silver altar of Zin.
  2750 | D:2      | Found a runed door.
  2989 | D:2      | Noticed Crazy Yiuf
  2993 | D:2      | Killed Crazy Yiuf
  3096 | D:3      | Found a radiant altar of Vehumet.
  3100 | D:3      | Found an opulent altar of Gozag.
  3104 | D:3      | Found a sparkling altar of Nemelex Xobeh.
  3105 | D:3      | Found a basalt altar of Yredelemnul.
  3107 | D:3      | Found a shattered altar of Ashenzari.
  3117 | D:3      | Noticed retryentry's ghost (amateur DsFi)
  3142 | D:3      | Slain by retryentry's ghost

Skill      XL: |  1  2  3  4 |
---------------+-------------+-----
Conjurations   | 5 6 7 |  7.5
Dodging        | |  2.4
Stealth        | |  2.4
Spellcasting   | |  3.0

Action                   |  1- 3 |  4- 6 || total
-------------------------+-------+-------++-------
Melee: Dagger            |    18 |       ||    18
       Unarmed           |     1 |       ||     1
       Short sword       |     8 |    11 ||    19
 Cast: Magic Dart        |    57 |    51 ||   108
       Searing Ray       |       |     3 ||     3
 Stab: Sleeping          |     2 |       ||     2
  Eat: Chunk             |     1 |     5 ||     6
Armor: Robe              |    18 |     5 ||    23
Dodge: Dodged            |    30 |    10 ||    40
